 Dungeon Crawl Stone Soup version 0.30-a0-42-g806c11bf1d (webtiles) character file.

Game seed: 13753220303372697474

366 SensoryNuts the Cudgeller (level 6, -4/59 HPs)
             Began as a Troll Fighter on Aug 30, 2022.
             Slain by a water moccasin (5 damage)
             ... on level 5 of the Dungeon.
             The game lasted 00:04:59 (3128 turns).

SensoryNuts the Cudgeller (Troll Fighter)           Turns: 3128, Time: 00:05:00

Health: -4/59      AC:  5    Str: 27    XL:     6   Next: 40%
Magic:  5/5        EV: 10    Int:  4    God:
Gold:   780        SH:  0    Dex:  9    Spells: 5/5 levels left

rFire   . . .      SeeInvis .    t - +1 dire flail
rCold   . . .      Faith    .    (shield currently unavailable)
rNeg    . . .      Spirit   .    b - +1 robe
rPois   .          Reflect  .    (helmet restricted)
rElec   .          Harm     .    (no cloak)
rCorr   .          Rampage  .    (gloves unavailable)
Will    .....                    (boots unavailable)
Stlth   +.........               (no amulet)
HPRegen 0.99/turn                (no ring)
MPRegen 0.09/turn                (no ring)

@: lethally poisoned (-4 -> -14)
A: large, unfitting armour, claws 3, regeneration 1, shaggy fur 1, tough skin 1
a: no special abilities


You were on level 5 of the Dungeon.
You visited 1 branch of the dungeon, and saw 5 of its levels.

You collected 780 gold pieces.

Inventory:

Hand Weapons
 t - a +1 dire flail (weapon)
Armour
 b - a +1 robe (worn)
Wands
 a - a wand of flame (21)
Scrolls
 c - a scroll of identify
 j - 3 scrolls of enchant armour
 k - 2 scrolls of teleportation
 o - a scroll of fear
 p - a scroll of amnesia
Potions
 d - 3 potions of might
 e - a potion of cancellation
 f - a potion of attraction
 i - a potion of ambrosia
 l - a potion of brilliance
 m - 3 potions of curing {unknown}
 q - a potion of haste {unknown}
 r - a potion of mutation {unknown}


   Skills:
 + Level 2.9 Fighting
 * Level 5.0 Maces & Flails
 + Level 3.2 Dodging
 + Level 0.4 Stealth
 + Level 3.3 Shields


You had 5 spell levels left.
You didn't know any spells.
Your spell library was empty.

Dungeon Overview and Level Annotations

Branches:
Dungeon (5/15)
 Temple: D:4-7

Altars:
Okawaru


Innate Abilities, Weirdness & Mutations

You are too large for most types of armour.
You have claws for hands.
Your natural rate of healing is unusually fast.
You are covered in fur. (AC +1)
You have tough skin. (AC +1)


Message History

There is a stone staircase leading up here.
The gnoll hits you but does no damage.
You climb upwards.
There is a stone staircase leading down here.
You sock the gnoll!
You kill the gnoll!
Your Maces & Flails skill increases to level 5!
You climb downwards.
The gnoll shouts!
There is a stone staircase leading up here.
The gnoll barely misses you.
You climb upwards.
There is a stone staircase leading down here.
You climb downwards.
There is a stone staircase leading up here.
The gnoll hits you with a +0 halberd!
There is a stone staircase leading up here.
You barely miss the gnoll. You hit the gnoll.
The gnoll is moderately wounded.
A water moccasin comes into view.
The gnoll barely misses you. The gnoll hits you with a +0 flail!
The water moccasin hisses angrily.
You hit the gnoll but do no damage.
The gnoll is moderately wounded.
The gnoll hits you with a +0 halberd. The gnoll hits you with a +0 flail!
You hit the gnoll.
The gnoll is heavily wounded.
The water moccasin closely misses you. The gnoll hits you with a +0 halberd!
The gnoll hits you with a +0 flail!
* * * LOW HITPOINT WARNING * * *
You sock the gnoll!
You kill the gnoll!
The water moccasin bites you.
* * * LOW HITPOINT WARNING * * *
You are lethally poisoned!
The water moccasin poisons you! The gnoll hits you with a +0 halberd!
* * * LOW HITPOINT WARNING * * *
The water moccasin bites you.
You die...

#.#.#.
>..#.##
.#......###
...#......#
..........#
##........##
...........+
###.#)##.#...
#...S@g...$..
#+#.#.##...##
...#.# ..#
+... +.. [#
#... #### .#
<... . ##.#


You could see a water moccasin and a gnoll.

Vanquished Creatures
  A black bear (D:4)
  A jelly (D:4)
  Crazy Yiuf (D:2)
  An orc priest (D:3)
  2 iguanas (D:4)
  2 gnolls
  3 adders
  6 orcs
  9 bats
  9 endoplasms
  11 giant cockroaches
  4 hobgoblins
  6 jackals
  4 kobolds
  2 quokkas
  6 ball pythons
  3 frilled lizards
  13 goblins
  6 rats
90 creatures vanquished.

Notes
Turn   | Place    | Note
-------+----------+-------------------------------------------
     0 | D:1      | SensoryNuts the Troll Fighter began the quest for the Orb.
     0 | D:1      | Reached XP level 1. HP: 22/22 MP: 0/0
     1 | D:1      | Found a runed translucent door.
   225 | D:1      | Reached skill level 2 in Maces & Flails
   225 | D:1      | Reached XP level 2. HP: 29/29 MP: 1/1
   705 | D:1      | Found a faded altar of an unknown god.
   705 | D:1      | Noticed a soul eater
   741 | D:1      | You fall into a shaft and drop 1 floor!
  1025 | D:1      | Reached XP level 3. HP: 36/36 MP: 2/2
  1604 | D:2      | Reached XP level 4. HP: 44/44 MP: 3/3
  1729 | D:2      | Found a runed translucent door.
  1730 | D:2      | Noticed Crazy Yiuf
  1887 | D:2      | Killed Crazy Yiuf
  1888 | D:2      | Reached skill level 3 in Maces & Flails
  2044 | D:2      | Identified a scroll of acquirement
  2046 | D:2      | Acquired 540 gold pieces
  2126 | D:3      | Reached XP level 5. HP: 28/50 MP: 4/4
  2199 | D:3      | Found an iron altar of Okawaru.
  2712 | D:4      | Reached skill level 4 in Maces & Flails
  2833 | D:4      | Noticed a black bear
  2840 | D:4      | Killed a black bear
  2841 | D:4      | Reached XP level 6. HP: 53/59 MP: 5/5
  3090 | D:5      | Entered Level 5 of the Dungeon
  3116 | D:4      | Reached skill level 5 in Maces & Flails
  3125 | D:5      | Noticed a water moccasin
  3128 | D:5      | HP: 1/59 [gnoll/+0 halberd (7)]
  3128 | D:5      | Slain by a water moccasin

Illustrated notes

Levels and vault maps discovered:
D:1:      dpeg_arrival_caged_fury, layout_loops_corners,
          dreamdust_ecumenical_altar_sealed_demon, minmay_vboxes
D:2:      kennysheep_six_static_rooms, layout_basic, uniq_crazy_yiuf_cottage
D:3:      layout_rooms, okawaru_trees_1, serial_curves, eino_curves_04,
          eino_curves_04, kennysheep_generic_room_8
D:4:      layout_rooms, hangedman_feature_mirror, reono_crystal_passage,
          kennysheep_generic_room_2
D:5:      layout_basic, serial_shops, nicolae_shop_hallway_plus

Skill      XL: |  1  2  3  4  5  6 |
---------------+-------------------+-----
Maces & Flails | 2 3 4 5 |  5.0
Shields        | 3 |  3.3
Dodging        | 3 |  3.2
Fighting       | |  2.9
Stealth        | |  0.4

Action                   |  1- 3 |  4- 6 || total
-------------------------+-------+-------++-------
Melee: Flail             |   180 |       ||   180
       Dire flail        |     1 |   120 ||   121
  Use: Scroll            |       |    15 ||    15
       Potion            |       |     1 ||     1
 Stab: Sleeping          |     2 |       ||     2
Armor: Robe              |   117 |    44 ||   161
Dodge: Dodged            |    96 |    77 ||   173
Block: Kite shield       |   102 |       ||   102

Table legend: (Time is in decaauts)
 A = Elapsed time spent in this place.
 B = Non-inter-level travel time spent in this place.
 C = Inter-level travel time spent in this place.
 D = Time resting spent in this place.
 E = Time spent auto-exploring this place.
 F = Levels seen in this place.
 G = Mean time per level.
                   A        B        C        D        E       F      G
               +--------+--------+--------+--------+--------+-----+--------+
         Total |   3228 |   2984 |    244 |     42 |   2157 |   5 |  645.6 |
       Dungeon |   3228 |   2984 |    244 |     42 |   2157 |   5 |  645.6 |
               +--------+--------+--------+--------+--------+-----+--------+

Top non-repeatable levels by time:
     D:1: 1125 daAuts
     D:2: 1032 daAuts
     D:3: 561 daAuts
     D:4: 492 daAuts
     D:5: 16 daAuts
